 Dungeon Crawl Stone Soup version 0.31-a0-538-gbc85326fa9 (webtiles) character file.

Game seed: 3440595144025607840

50 sampeng1 the Ruffian (level 3, -2/27 HPs)
             Began as a Demonspawn Shapeshifter on Aug 13, 2023.
             Slain by a worm (6 damage)
             ... on level 2 of the Dungeon.
             The game lasted 00:04:45 (1203 turns).

sampeng1 the Ruffian (Demonspawn Shapeshifter)      Turns: 1203, Time: 00:04:45

Health: -2/27      AC:  2    Str: 17    XL:     3   Next: 55%
Magic:  3/3        EV: 12    Int:  9    God:
Gold:   72         SH:  0    Dex: 13    Spells: 2/2 levels left

rFire   . .          .
                       - Unarmed
rCold   . . .        (no shield)
rNeg    . . .        a - +0 animal skin
rPois   .            (helmet currently unavailable)
rElec   .            (cloak currently unavailable)
rCorr   .            (gloves currently unavailable)
SInv    .            (boots currently unavailable)
Will    .....        (no amulet)
Stlth   +            (no ring)
HPRegen 0.24/turn    (no ring)
MPRegen 0.08/turn

%: no passive effects
@: beast-form
A: beast (slay +2), hooves 1
a: Begin Untransformation


You were on level 2 of the Dungeon.
You were a hulking beast.
You visited 1 branch of the dungeon, and saw 2 of its levels.

You collected 72 gold pieces.

Inventory:

Missiles
 g - a throwing net
Armour
 a - a +0 animal skin (worn)
Talismans
 c - a beast talisman (active)
 d - a flux talisman
 h - a dragon-blood talisman
Scrolls
 e - a scroll of blinking {unknown}
 f - a scroll of enchant armour {unknown}
 i - a scroll of teleportation {unknown}
 j - a scroll of noise {unknown}
 k - 2 scrolls of identify {unknown}
Potions
 b - a potion of lignification
 l - a potion of heal wounds {unknown}


   Skills:
 + Level 1.9 Fighting
 + Level 2.3 Dodging
 + Level 3.1 Unarmed Combat
 + Level 3.0 Shapeshifting


You had 2 spell levels left.
You didn't know any spells.
Your spell library contained the following spells:

 Spells                   Type           Power      Damage    Failure   Level
 Stone Arrow              Conj/Erth      0%         3d7       77%         3
 Animate Armour           Summ/Erth      0%         N/A       99%         4
 Summon Forest            Summ/Tloc      0%         N/A       100%        5
 Eringya's Noxious Bog    Tmut/Pois      0%         4d6       100%        6
 Summon Hydra             Summ           0%         N/A       100%        7
 Lehudib's Crystal Spear  Conj/Erth      0%         10d2      100%        8


Dungeon Overview and Level Annotations

Branches:
Dungeon (2/15)

Altars:


Innate Abilities, Weirdness & Mutations

You are a hulking beast.
Your limbs bulge with bestial killing power. (Slay +2)
You have large cloven feet.


Message History

You see here a ball python corpse.
There is an open door here. 2 worms come into view.
Found a stone staircase leading down. 2 worms come into view.
The worm barely misses you.
You punch the worm!
The worm is moderately wounded.
You barely miss the worm. You kick the worm.
The worm is heavily wounded.
The worm barely misses you.
The worm falls through a shaft!
The shaft crumbles and collapses.
You hit the worm.
The worm is heavily wounded.
The worm bites you.
You punch the worm!
The worm is almost dead.
The worm bites you!
You hit the worm.
The worm is moderately wounded.
The worm bites you but does no damage. The worm bites you.
* * * LOW HITPOINT WARNING * * *
There is an open door here.
There are monsters nearby!
There is an open door here.
You hit the worm.
The worm is moderately wounded.
The worm bites you!
* * * LOW HITPOINT WARNING * * *
You hit the worm.
The worm is heavily wounded.
You hit the worm. You kick the worm. You punch the worm.
You kill the worm!
You hit the worm. You kick the worm.
The worm is almost dead.
You hit the worm.
You kill the worm!
Your Shapeshifting skill increases to level 3!
The worm bites you.
You die...

.#.#
#.^.^..^..##....#
...#
##...^......#....#
..##
............#....#
...#
.......>...##....#
.#.#
#.........##....#
.#.#
#..^....####.#.#
.#..# #.....#
#.#.#[# .##.#
.####...####.#.#.#
.......
.......wh'.....#.#
.##.###
....######...#.#.#
.##.#######
########.#.########
........
...................
######.#####
########...........
...#...[...#
#...†.......
##.#.......#
#...........
##.#.......#
#######.##########
#.#.......##
#.........#


You could see a worm.

Vanquished Creatures
  An adder (D:2)
  2 worms (D:2)
  4 bats
  4 endoplasms
  2 giant cockroaches (D:1)
  2 goblins (D:2)
  5 hobgoblins
  2 quokkas (D:1)
  3 ball pythons
  2 frilled lizards (D:2)
  3 kobolds
  2 rats
32 creatures vanquished.

Notes
Turn   | Place    | Note
-------+----------+-------------------------------------------
     0 | D:1      | sampeng1 the Demonspawn Shapeshifter began the quest for
                  | the Orb.
     0 | D:1      | Reached XP level 1. HP: 15/15 MP: 1/1
   161 | D:1      | Found a faded altar of an unknown god.
   258 | D:1      | Gained mutation: You have large cloven feet. [demonic
                  | ancestry]
   258 | D:1      | Reached XP level 2. HP: 13/21 MP: 2/2
   944 | D:2      | Reached XP level 3. HP: 21/26 MP: 3/3
  1203 | D:2      | Slain by a worm

Illustrated notes

Levels and vault maps discovered:
D:1:      saegor_arrival_simple_c, layout_basic, basic_ecumenical_altar,
          hex_large
D:2:      layout_basic, serial_curves, eino_curves_03, eino_curves_04,
          nicolae_wormholes

Skill      XL: |  1  2  3 |
---------------+----------+-----
Dodging        | 2 |  2.3
Unarmed Combat | 3 |  3.1
Shapeshifting  | 3 |  3.0
Fighting       | |  1.9

Action                     || total
---------------------------++-------
  Melee: Unarmed           ||    87
         Kick              ||    18
         Punch             ||     2
Ability: Begin Untransform ||     1
   Stab: Sleeping          ||     2
 Armour: Animal skin       ||    20
  Dodge: Dodged            ||    55
   Form: Beast             ||     1

Table legend: (Time is in decaauts)
 A = Elapsed time spent in this place.
 B = Non-inter-level travel time spent in this place.
 C = Inter-level travel time spent in this place.
 D = Time resting spent in this place.
 E = Time spent auto-exploring this place.
 F = Levels seen in this place.
 G = Mean time per level.
                   A        B        C        D        E       F      G
               +--------+--------+--------+--------+--------+-----+--------+
         Total |   1198 |   1094 |    104 |      0 |    807 |   2 |  599.0 |
       Dungeon |   1198 |   1094 |    104 |      0 |    807 |   2 |  599.0 |
               +--------+--------+--------+--------+--------+-----+--------+

Top non-repeatable levels by time:
     D:1: 863 daAuts
     D:2: 334 daAuts
